AoeStats
← NotGG

African Clearing

510618327Analyzed
4v4 RM · 1d ago on Oct 1, 2026· 37m 33s· 8 players
Game mode
Random Map
Map size
Large (8 player)
Population
200
Speed
Normal
Resources
Standard
Victory
Conquest
Starting age
Dark Age
Ending age
Imperial Age
RankedLock teamsTeams togetherTeam positionsShared explorationLock speedFull tech treeHidden civsTurbo modeCheats
Victory
Defeat
🇨🇦 Saracens · Canada
1230
+15
🇨🇱 Huns · Chile
1213
+15
🇮🇳 Varangians · India
1185
+16
🇦🇷 Vietnamese · Argentina
1170
+17
🇰🇬 Danes · Kyrgyzstan
1231
-17
🇩🇪 Malians · Germany
1200
-16
🇫🇷 Huns · France
1183
-15
🇮🇳 Goths · India
1169
-15
zLIFE
4:00 Loom
12:52 Feudal Age
13:41 Man-at-Arms
16:09 Fletching
20:22 Forging
24:30 Castle Age
23:08 Stone Mining
24:10 Double-Bit Axe
28:37 Bow Saw
31:01 Gold Mining
33:59 Horse Collar
39:56 Imperial Age
LIGHTYRIX
10:07 Loom
13:53 Feudal Age
19:58 Castle Age
18:17 Double-Bit Axe
19:23 Forging
19:37 Horse Collar
22:48 Scale Barding Armor
25:09 Chain Barding Armor
29:35 Iron Casting
31:12 Bloodlines
JoN
4:55 Loom
13:11 Feudal Age
14:05 Double-Bit Axe
18:09 Fletching
18:52 Padded Archer Armor
20:27 Wheelbarrow
22:59 Horse Collar
27:41 Castle Age
26:13 Gold Mining
28:26 Bodkin Arrow
29:14 Bow Saw
30:21 Town Watch
34:14 Ballistics
34:42 Gold Shaft Mining
Te0n
12:57 Loom
14:55 Feudal Age
20:15 Castle Age
18:34 Double-Bit Axe
18:43 Gold Mining
19:16 Stone Mining
21:15 Scale Mail Armor
21:25 Forging
21:39 Bow Saw
22:17 Chain Mail Armor
24:15 Gold Shaft Mining
25:02 Iron Casting
26:31 Horse Collar
32:11 Squires
31:57 Arson
31:58 Gambesons
31:50 Hamask
34:20 Fletching
35:59 Wheelbarrow
35:39 Padded Archer Armor
balgaro
4:43 Loom
14:18 Feudal Age
15:23 Double-Bit Axe
18:30 Castle Age
16:56 Stone Mining
19:57 Wheelbarrow
19:37 Bow Saw
22:53 Horse Collar
24:52 Heavy Plow
25:33 Hand Cart
25:35 Gold Mining
32:03 Forging
31:58 Scale Barding Armor
32:51 Coinage
32:53 Husbandry
33:03 Bloodlines
34:18 Iron Casting
34:03 Chain Barding Armor
36:47 Imperial Age
34:04 Town Watch
35:43 Ballistics
35:49 Chain Barding Armor
36:05 Iron Casting
36:55 Elite Mameluke
38:23 Plate Barding Armor
38:45 Gold Shaft Mining
NotGG
2:59 Loom
11:14 Feudal Age
11:40 Double-Bit Axe
17:15 Castle Age
17:20 Wheelbarrow
16:30 Town Watch
20:09 Bow Saw
19:53 Stone Mining
25:06 Gold Mining
26:29 Padded Archer Armor
26:43 Fletching
29:20 Ballistics
28:59 Bodkin Arrow
29:21 Fishing Lines
29:58 Leather Archer Armor
29:54 Treadmill Crane
35:05 Imperial Age
33:49 Hand Cart
33:34 Town Patrol
34:41 Masonry
35:36 Stone Shaft Mining
37:00 Chemistry
36:28 Paper Money
36:59 Bracer
37:30 Ring Archer Armor
Ponz
10:29 Loom
12:55 Feudal Age
13:41 Double-Bit Axe
15:27 Fletching
22:13 Castle Age
21:05 Horse Collar
22:17 Crossbowman
31:56 Padded Archer Armor
31:53 Bodkin Arrow
31:58 Padded Archer Armor
33:58 Husbandry
34:09 Bloodlines
35:51 Wheelbarrow
35:52 Ballistics
suny619
11:22 Loom
13:48 Feudal Age
18:16 Double-Bit Axe
21:53 Fletching
22:32 Bloodlines
27:16 Castle Age
29:26 Husbandry
29:27 Guard Tower
29:57 Ballistics
29:48 Masonry
31:12 Scale Barding Armor
31:22 Bow Saw
31:49 Wheelbarrow
31:00 Town Watch
Connection lost

Rejoining the realm…

Still unreachable

The connection could not be restored.

Session expired

The server has moved on; the page needs a fresh start.